 Dungeon Crawl Stone Soup version 0.25-a0-458-g6fc7858b95 (webtiles) character file.

Game seed: 6211835255172342984, levelgen mode: deterministic

5 Gargoyl the Skirmisher (level 1, -9/19 HPs)
             Began as a Centaur Abyssal Knight on Feb 1, 2020.
             Was a Follower of Lugonu.
             Mangled by a small abomination (19 damage)
             ... on level 1 of the Abyss.
             The game lasted 00:00:19 (134 turns).

Gargoyl the Skirmisher (Centaur Abyssal Knight)      Turns: 134, Time: 00:00:20

Health: -9/19      AC:  4    Str: 19    XL:     1   Next: 66%
Magic:  2/2        EV:  9    Int: 11    God:    Lugonu [*.....]
Gold:   0          SH:  0    Dex:  8    Spells: 0/0 levels left

rFire    . . .     SeeInvis .   a - +1 hand axe
rCold    . . .     Gourm    .   (no shield)
rNeg     . . .     Faith    .   b - +0 leather armour
rPois    .         Spirit   .   (no helmet)
rElec    .         Reflect  .   (no cloak)
rCorr    .         Harm     .   (no gloves)
MR       .....                  (no barding)
Stlth    ..........             (no amulet)
HPRegen  0.06/turn              (no ring)
MPRegen  0.08/turn              (no ring)

@: mighty, very quick
A: large, hooves 3, deformed body, speed 2, tough skin 3
a: Depart the Abyss, Renounce Religion


You were on level 1 of the Abyss.
You worshipped Lugonu.
Lugonu was aware of your devotion.
You were not hungry.

You visited 0 branches of the dungeon, and saw 0 of its levels.
You visited the Abyss 1 time.

Inventory:

Hand Weapons
 a - a +1 hand axe (weapon)
Armour
 b - a +0 leather armour (worn)
Comestibles
 c - a ration


   Skills:
 + Level 3.4 Fighting
 + Level 1.7 Axes
 + Level 1.3 Armour
 + Level 0.6 Dodging
 + Level 2.0 Invocations


You couldn't memorise any spells.
You didn't know any spells.
Your spell library was empty.

Dungeon Overview and Level Annotations

Branches:
Dungeon (0/15)

Altars:


Innate Abilities, Weirdness & Mutations

You have hooves in place of feet.
Armour fits poorly on your strangely shaped body.
You cover ground very quickly.
You have extremely tough skin. (AC +3)


Message History

You feel the power of the Abyss delaying your translocation!
It was a scroll of teleportation.
It was a potion of might.
You feel very mighty all of a sudden.
An apocalypse crab comes into view.
Found a fuming white potion.
Found 8 gold pieces.
You are suddenly pulled into a different region of the Abyss!
Found a leather armour.
Found a corrupted altar of Lugonu.
A small abomination comes into view.
A small abomination is nearby!
You hit the small abomination.
The small abomination is moderately damaged.
The small abomination hits you.
You slash the small abomination!
The small abomination is severely damaged.
The small abomination hits you. The small abomination hits you!!
Ouch! That really hurt!
You die...

####### #
#......## #.
##... ..#
##.###. ##.##.
#.
#....#..##...##
# # .
#.##..#...# #.
##.###.......###
..
..#..@#.###....#
..#
#.#.##x##.....#
#.. ...# #.#..
##..# #....
.#..### .#..#
#.. #. #....#.#
### #..#
....#..## .# ...
... ##...#..# #
...#.#. .
##...### # ..##
.#._ .#


You could see a small abomination.

Vanquished Creatures
  An ufetubus (Abyss:1)
1 creature vanquished.

Vanquished Creatures (others)
  2 starspawn tentacles (Abyss:1)
2 creatures vanquished.

Grand Total: 3 creatures vanquished

Notes
Turn   | Place    | Note
-------+----------+-------------------------------------------
     0 | Abyss:1  | Gargoyl the Centaur Abyssal Knight began the quest for the
                  | Orb.
     0 | Abyss:1  | Reached XP level 1. HP: 19/19 MP: 2/2
    78 | Abyss:1  | Noticed a tentacled starspawn
    93 | Abyss:1  | Noticed an apocalypse crab
   108 | Abyss:1  | Found a corrupted altar of Lugonu.
   129 | Abyss:1  | Noticed a small abomination
   134 | Abyss:1  | Mangled by a small abomination

Levels and vault maps discovered:
Abyss:1:  serial_sigils_hangedman_gut, evilmike_abyss_exit_13

Action                   || total
-------------------------++-------
Melee: Hand axe          ||     3
       Kick              ||     1
  Use: Scroll            ||     1
       Potion            ||     1
Dodge: Dodged            ||     1

Table legend:
 A = Non-vault XP
 B = Vault XP
 C = Vault XP percentage of total XP
 D = Non-vault monster count
 E = Vault monster count
 F = Vault count percentage of total count
                 A         B        C        D         E       F
            +---------+---------+-------+---------+---------+-------
      Total |       8 |       0 |   0.0 |       1 |       0 |   0.0
            +---------+---------+-------+---------+---------+-------
    Abyss:1 |       8 |       0 |   0.0 |       1 |       0 |   0.0
            +---------+---------+-------+---------+---------+-------
